Chicago Black Hawks vs Montreal Canadiens
(R1)
Created - Saturday, November 8, 2025 at 08:50
Goals
|
| Chicago Black Hawks |
1 |
1 |
0 |
2 |
| Montreal Canadiens |
2 |
1 |
1 |
4 |
|
Shots
|
| Chicago Black Hawks |
14 |
11 |
6 |
31 |
| Montreal Canadiens |
10 |
8 |
6 |
24 |
|
1st period
1. Chicago Black Hawks , Trevor Zegras 27 (Barrett Hayton 43, Justin Faulk 20) at 3:12 (PP)
2. Montreal Canadiens , Dylan Larkin 37 (Damon Severson 18, Martin Necas 60) at 17:26
3. Montreal Canadiens , Jake Evans 17 (Dylan Larkin 49, Martin Necas 61) at 19:03
Penalties :
Patrik Laine (MTL) for Delaying the game (Minor) at 2:39, Jeff Petry (MTL) for Slashing (Minor) at 5:55, Zachary Werenski (CHI) for Roughing (Minor) at 11:55
2nd period
4. Chicago Black Hawks , Lucas Raymond 31 (Barrett Hayton 44, Trevor Zegras 47) at 1:11
5. Montreal Canadiens , Martin Necas 41 (Macklin Celebrini 51, Brad Marchand 34) at 16:49
Penalties :
Barrett Hayton (CHI) for Holding (Minor) at 11:05
3rd period
6. Montreal Canadiens , Martin Necas 42 (Brad Marchand 35, Macklin Celebrini 52) at 16:51 (PP)
Penalties :
Barrett Hayton (CHI) for Slashing (Double Minor) at 0:58, Justin Faulk (CHI) for Cross-checking (Minor) at 16:22
Goalie Stats
Adin Hill (CHI), 20 saves from 24 shots - (0.833), L, 17-7-4, 60:00 minutes
Stuart Skinner (MTL), 29 saves from 31 shots - (0.935), W, 33-19-6, 60:00 minutes
Players Stats for Chicago Black Hawks
Player Name G A P +/- PIM S H SB GA TA FO MP PP MP PK MP
------------------------------------------------------------------------------------
Barrett Hayton 0 2 2 1 6 3 0 0 2 0 7/10 16:09 1:18 1:07
Bobby Brink 0 0 0 -1 0 0 1 0 0 1 1/1 12:43 0:00 0:00
Brent Burns 0 0 0 0 0 1 2 2 0 0 0/0 20:58 1:04 4:06
Brett Howden 0 0 0 -1 0 1 1 0 0 0 1/1 11:24 0:00 2:10
Christopher Tanev 0 0 0 0 0 4 3 1 0 0 0/0 21:19 1:04 4:27
Eeli Tolvanen 0 0 0 -1 0 1 2 0 0 1 0/1 13:29 0:00 0:00
Jonas Brodin 0 0 0 -2 0 0 1 2 0 1 0/0 19:03 0:00 1:29
Justin Faulk 0 1 1 0 2 1 1 0 0 1 0/0 20:36 1:28 3:41
Leo Carlsson 0 0 0 -1 0 6 3 1 1 0 8/19 18:25 1:14 3:35
Lucas Raymond 1 0 1 1 0 4 2 0 1 1 0/0 14:54 0:00 1:10
Matthew Beniers 0 0 0 -1 0 2 3 1 1 1 6/11 17:32 1:14 3:41
Morgan Frost 0 0 0 -1 0 1 0 0 0 0 1/2 10:06 1:18 0:00
Noah Dobson 0 0 0 -2 0 1 0 0 0 0 0/0 14:21 0:00 0:39
Oliver Bjorkstrand 0 0 0 -1 0 2 2 0 3 0 3/5 18:25 1:14 3:35
Ryan Suzuki 0 0 0 -1 0 0 2 0 0 0 0/0 8:57 0:00 0:00
Shane Wright 0 0 0 -1 0 1 0 0 0 2 0/0 12:52 0:00 0:00
Trevor Zegras 1 1 2 1 0 1 2 0 0 0 0/0 16:36 1:18 1:34
Zachary Werenski 0 0 0 0 2 2 0 0 0 0 0/0 23:41 1:28 2:30
Players Stats for Montreal Canadiens
Player Name G A P +/- PIM S H SB GA TA FO MP PP MP PK MP
------------------------------------------------------------------------------------
Adam Fox 0 0 0 -1 0 2 0 1 1 1 0/0 19:31 4:16 0:50
Arttu Hyry 0 0 0 0 0 0 0 0 0 0 0/0 10:53 0:46 0:00
Brad Marchand 0 2 2 0 0 1 3 0 1 0 0/0 17:11 3:52 0:00
Brady Skjei 0 0 0 2 0 0 0 4 2 0 0/0 22:49 4:10 1:42
Damon Severson 0 1 1 1 0 0 5 0 0 1 0/0 21:11 4:10 0:00
Drew O'Connor 0 0 0 -1 0 1 2 1 0 0 0/0 13:02 0:00 1:11
Dylan Larkin 1 1 2 3 0 5 2 1 0 1 9/18 17:43 3:54 0:00
Evgeni Dadonov 0 0 0 0 0 0 0 0 0 1 0/0 11:08 0:46 0:11
Ilya Lyubushkin 0 0 0 -1 0 0 1 0 0 1 0/0 15:56 0:00 1:26
Jake Evans 1 0 1 3 0 1 2 0 0 0 0/0 14:55 0:00 1:10
Jeff Petry 0 0 0 1 2 0 1 1 0 2 0/0 17:49 0:04 0:00
Juraj Slafkovsky 0 0 0 0 0 1 1 0 1 0 0/0 17:08 3:48 0:00
Lane Hutson 0 0 0 2 0 0 0 1 0 1 0/0 22:44 4:12 1:06
Macklin Celebrini 0 2 2 0 0 3 0 0 2 0 9/19 17:11 3:52 0:00
Martin Necas 2 2 4 3 0 5 1 1 0 0 0/0 17:43 3:52 0:11
Patrik Laine 0 0 0 -1 2 3 2 0 0 0 0/1 15:37 3:48 0:00
Ryan Poehling 0 0 0 -1 0 1 1 0 1 0 5/9 13:40 0:40 1:10
Teddy Blueger 0 0 0 0 0 1 5 0 0 0 0/3 11:15 0:00 1:11
3 Stars
1 - Martin Necas (MTL)
2 - Dylan Larkin (MTL)
3 - Jake Evans (MTL)
Power Play
Chicago Black Hawks - 1 on 2 Attempt(s) - 50.00%
Montreal Canadiens - 1 on 5 Attempt(s) - 20.00%
Penalty Kill
Chicago Black Hawks - 4 on 5 Attempt(s) - 80.00%
- Score 0 goal in Penalty Kill
Montreal Canadiens - 1 on 2 Attempt(s) - 50.00%
- Score 0 goal in Penalty Kill
Team Stat
Chicago Black Hawks - Hits : 25 - Faceoff Wins : 27 - Blocked Shots : 7 - Penalty Minutes : 10
Montreal Canadiens - Hits : 26 - Faceoff Wins : 23 - Blocked Shots : 10 - Penalty Minutes : 4
Official
Referees : Reid Anderson and Peter Macdougall
Linesman : Joseph Mahon and Caleb Apperson
Game Notes
No Game Note
Finance
Level 1 -- Attendance: 5578 (92.97%) -- Ticket Income $518,754
Level 2 -- Attendance: 4473 (89.46%) -- Ticket Income $237,069
Level 3 -- Attendance: 2639 (87.97%) -- Ticket Income $84,448
Level 4 -- Attendance: 4339 (86.78%) -- Ticket Income $95,458
Luxury Box -- Attendance: 841 (84.10%) -- Ticket Income $163,995
Game was played at the Bell Centre.
Total Attendance: 17870 (89.35%)
Total Ticket Income: $1,099,724
Other Income: $384,903
Total Income: $1,484,627
Chicago Black Hawks
5 vs 5 Forward
Center Left Wing Right Wing Time % Phy DF OF
1 Leo Carlsson Eeli Tolvanen Oliver Bjorkstrand 30 1 2 2
2 Barrett Hayton Lucas Raymond Trevor Zegras 30 1 2 2
3 Matthew Beniers Shane Wright Bobby Brink 25 1 2 2
4 Morgan Frost Brett Howden Ryan Suzuki 15 1 2 2
5 vs 5 Defense
Defense Defense Time % Phy DF OF
1 Zachary Werenski Justin Faulk 30 1 2 2
2 Brent Burns Christopher Tanev 30 1 2 2
3 Noah Dobson Jonas Brodin 25 1 2 2
4 Jonas Brodin Zachary Werenski 15 1 2 2
PowerPlay Forward
Center Left Wing Right Wing Time % Phy DF OF
1 Leo Carlsson Matthew Beniers Oliver Bjorkstrand 50 1 2 2
2 Barrett Hayton Morgan Frost Trevor Zegras 50 1 2 2
PowerPlay Defense
Defense Defense Time % Phy DF OF
1 Zachary Werenski Justin Faulk 50 1 2 2
2 Brent Burns Christopher Tanev 50 1 2 2
Penalty Kill 4 Players Forward
Center Wing Time % Phy DF OF
1 Oliver Bjorkstrand Leo Carlsson 50 1 2 2
2 Barrett Hayton Matthew Beniers 50 1 2 2
Penalty Kill 4 Players Defense
Defense Defense Time % Phy DF OF
1 Zachary Werenski Justin Faulk 50 1 2 2
2 Brent Burns Christopher Tanev 50 1 2 2
Penalty Kill - 3 Players Forward
Forward Time % Phy DF OF
1 Barrett Hayton 50 1 2 2
2 Leo Carlsson 50 1 2 2
Penalty Kill - 3 Players Defense
Defense Defense Time % Phy DF OF
1 Zachary Werenski Justin Faulk 50 1 2 2
2 Brent Burns Christopher Tanev 50 1 2 2
4 vs 4 Forward
Center Wing Time % Phy DF OF
1 Oliver Bjorkstrand Leo Carlsson 50 1 2 2
2 Barrett Hayton Matthew Beniers 50 1 2 2
4 vs 4 Defense
Defense Defense Time % Phy DF OF
1 Zachary Werenski Justin Faulk 50 1 2 2
2 Brent Burns Christopher Tanev 50 1 2 2
Last Minutes Offensive
Center Left Wing Right Wing Defense Defense
Leo Carlsson Eeli Tolvanen Oliver Bjorkstrand Zachary Werenski Justin Faulk
Last Minutes Defensive
Center Left Wing Right Wing Defense Defense
Leo Carlsson Eeli Tolvanen Oliver Bjorkstrand Zachary Werenski Justin Faulk
Goaltenders
Starting : Adin Hill
Backup : Filip Gustavsson
Extra Forwards
Normal : Shane Wright, Morgan Frost, Brett Howden - PP : Shane Wright, Morgan Frost - PK : Brett Howden
Extra Defensemen
Normal : Noah Dobson, Zachary Werenski, Jonas Brodin - PP : Noah Dobson - PK : Zachary Werenski, Jonas Brodin
Penalty Shots
Morgan Frost, Leo Carlsson, Barrett Hayton, Matthew Beniers, Oliver Bjorkstrand
Scratches
David Jiricek (Healthy), Ryan Lindgren (Healthy), Simon Nemec (Healthy), Antonio Stranges (Healthy), Noah Cates (Healthy)
Montreal Canadiens
5 vs 5 Forward
Center Left Wing Right Wing Time % Phy DF OF
1 Dylan Larkin Martin Necas Jake Evans 30 0 0 5
2 Macklin Celebrini Juraj Slafkovsky Brad Marchand 30 0 0 5
3 Ryan Poehling Drew O'Connor Patrik Laine 25 1 4 0
4 Teddy Blueger Evgeni Dadonov Arttu Hyry 15 1 4 0
5 vs 5 Defense
Defense Defense Time % Phy DF OF
1 Brady Skjei Lane Hutson 35 1 4 0
2 Jeff Petry Damon Severson 35 1 4 0
3 Ilya Lyubushkin Adam Fox 30 1 4 0
4 Brady Skjei Lane Hutson 0 0 5 0
PowerPlay Forward
Center Left Wing Right Wing Time % Phy DF OF
1 Macklin Celebrini Brad Marchand Martin Necas 50 0 0 5
2 Dylan Larkin Juraj Slafkovsky Patrik Laine 50 0 0 5
PowerPlay Defense
Defense Defense Time % Phy DF OF
1 Lane Hutson Adam Fox 50 0 0 5
2 Brady Skjei Damon Severson 50 0 0 5
Penalty Kill 4 Players Forward
Center Wing Time % Phy DF OF
1 Ryan Poehling Jake Evans 50 0 5 0
2 Teddy Blueger Drew O'Connor 50 0 5 0
Penalty Kill 4 Players Defense
Defense Defense Time % Phy DF OF
1 Brady Skjei Ilya Lyubushkin 50 0 5 0
2 Lane Hutson Jeff Petry 50 0 5 0
Penalty Kill - 3 Players Forward
Forward Time % Phy DF OF
1 Jake Evans 50 0 5 0
2 Ryan Poehling 50 0 5 0
Penalty Kill - 3 Players Defense
Defense Defense Time % Phy DF OF
1 Brady Skjei Ilya Lyubushkin 50 0 5 0
2 Lane Hutson Jeff Petry 50 0 5 0
4 vs 4 Forward
Center Wing Time % Phy DF OF
1 Dylan Larkin Martin Necas 50 0 3 2
2 Macklin Celebrini Brad Marchand 50 0 3 2
4 vs 4 Defense
Defense Defense Time % Phy DF OF
1 Lane Hutson Adam Fox 50 0 3 2
2 Brady Skjei Damon Severson 50 0 3 2
Last Minutes Offensive
Center Left Wing Right Wing Defense Defense
Dylan Larkin Brad Marchand Martin Necas Lane Hutson Adam Fox
Last Minutes Defensive
Center Left Wing Right Wing Defense Defense
Jake Evans Ryan Poehling Drew O'Connor Brady Skjei Jeff Petry
Goaltenders
Starting : Stuart Skinner
Backup : Pyotr Kochetkov
Extra Forwards
Normal : Macklin Celebrini, Dylan Larkin, Martin Necas - PP : Dylan Larkin, Macklin Celebrini - PK : Martin Necas
Extra Defensemen
Normal : Lane Hutson, Brady Skjei, Adam Fox - PP : Lane Hutson - PK : Brady Skjei, Lane Hutson
Penalty Shots
Patrik Laine, Teddy Blueger, Ryan Poehling, Dylan Larkin, Arttu Hyry
Scratches
Ian Mitchell (Healthy), David Rittich (Healthy)
% Time on Ice - Chicago Black Hawks
Lines # - Real PCT - Wanted PCT - Time Play
Normal Forward
1 - 28% - 30% - 13:36
2 - 28% - 30% - 13:46
3 - 26% - 25% - 12:43
4 - 18% - 15% - 8:57
Normal Defense
1 - 32% - 30% - 15:31
2 - 32% - 30% - 15:50
3 - 27% - 25% - 13:25
4 - 9% - 15% - 4:16
PP Forward
1 - 49% - 50% - 1:14
2 - 51% - 50% - 1:18
PP Defense
1 - 58% - 50% - 1:28
2 - 42% - 50% - 1:04
PK Forward
1 - 42% - 50% - 3:35
2 - 58% - 50% - 4:51
PK Defense
1 - 47% - 50% - 3:56
2 - 53% - 50% - 4:30
PK3 Forward
1 - 0% - 50%
2 - 0% - 50%
PK3 Defense
1 - 0% - 50%
2 - 0% - 50%
44 Forward
1 - 0% - 50%
2 - 0% - 50%
44 Defense
1 - 0% - 50%
2 - 0% - 50%
Last Minute Offensive - 0:00
Last Minute Defensive - 0:00
Total
Forward - 60:00
Defense - 60:00
|
% Time on Ice - Montreal Canadiens
Lines # - Real PCT - Wanted PCT - Time Play
Normal Forward
1 - 29% - 30% - 14:05
2 - 27% - 30% - 13:04
3 - 24% - 25% - 11:50
4 - 20% - 15% - 10:03
Normal Defense
1 - 35% - 35% - 17:19
2 - 35% - 35% - 17:02
3 - 30% - 30% - 14:30
4 - 0% - 0% - 0:11
PP Forward
1 - 54% - 50% - 4:32
2 - 46% - 50% - 3:54
PP Defense
1 - 51% - 50% - 4:16
2 - 49% - 50% - 4:10
PK Forward
1 - 46% - 50% - 1:10
2 - 54% - 50% - 1:22
PK Defense
1 - 43% - 50% - 1:06
2 - 57% - 50% - 1:26
PK3 Forward
1 - 0% - 50%
2 - 0% - 50%
PK3 Defense
1 - 0% - 50%
2 - 0% - 50%
44 Forward
1 - 0% - 50%
2 - 0% - 50%
44 Defense
1 - 0% - 50%
2 - 0% - 50%
Last Minute Offensive - 0:00
Last Minute Defensive - 0:00
Total
Forward - 60:00
Defense - 60:00
|
Play-by-Play
1st period
0:01 of 1st period - Leo Carlsson wins face-off versus Dylan Larkin in neutral zone.
1:14 of 1st period - Wrist shot by Lucas Raymond.
1:14 of 1st period - Stopped by Stuart Skinner with a rebound.
1:28 of 1st period - Snap shot by Lucas Raymond.
1:28 of 1st period - Deflect By Trevor Zegras.
1:28 of 1st period - Shot Misses the Net.
1:28 of 1st period - Puck is out of play.
1:29 of 1st period - Ryan Poehling wins face-off versus Matthew Beniers in Montreal Canadiens zone.
1:58 of 1st period - Wrist shot by Dylan Larkin.
1:58 of 1st period - Shot Misses the Net.
2:00 of 1st period - Snap shot by Dylan Larkin.
2:00 of 1st period - Shot Misses the Net.
2:02 of 1st period - Slapshot by Brady Skjei.
2:02 of 1st period - Deflect By Martin Necas.
2:02 of 1st period - Shot Blocked by Brent Burns.
2:02 of 1st period - Puck is out of play.
2:03 of 1st period - Macklin Celebrini wins face-off versus Leo Carlsson in Chicago Black Hawks zone.
2:10 of 1st period - Wrist shot by Brad Marchand.
2:10 of 1st period - Deflect By Macklin Celebrini.
2:10 of 1st period - Shot Hit the Post.
2:10 of 1st period - Puck is out of play.
2:11 of 1st period - Leo Carlsson wins face-off versus Macklin Celebrini in Chicago Black Hawks zone.
2:17 of 1st period - Wrist shot by Macklin Celebrini.
2:17 of 1st period - Stopped by Adin Hill without a rebound.
2:18 of 1st period - Ryan Poehling wins face-off versus Matthew Beniers in Chicago Black Hawks zone.
2:31 of 1st period - Snap shot by Matthew Beniers.
2:31 of 1st period - Stopped by Stuart Skinner with a rebound.
2:39 of 1st period - Minor Penalty to Patrik Laine for Delaying the game.
2:40 of 1st period - Ryan Poehling wins face-off versus Leo Carlsson in Montreal Canadiens zone.
2:40 of 1st period - Ryan Poehling is hit by Leo Carlsson.
3:12 of 1st period - Slapshot by Barrett Hayton.
3:12 of 1st period - Deflect By Trevor Zegras.
3:12 of 1st period - Goal by Trevor Zegras - Chicago Black Hawks : 1 - Montreal Canadiens : 0.
3:13 of 1st period - Dylan Larkin wins face-off versus Leo Carlsson in neutral zone.
3:22 of 1st period - Snap shot by Martin Necas.
3:22 of 1st period - Deflect By Dylan Larkin.
3:22 of 1st period - Shot Blocked by Jonas Brodin.
3:22 of 1st period - Puck is out of play.
3:23 of 1st period - Leo Carlsson wins face-off versus Dylan Larkin in Chicago Black Hawks zone.
3:32 of 1st period - Snap shot by Leo Carlsson.
3:32 of 1st period - Deflect By Martin Necas.
3:32 of 1st period - Stopped by Stuart Skinner without a rebound.
3:33 of 1st period - Macklin Celebrini wins face-off versus Morgan Frost in Montreal Canadiens zone.
4:00 of 1st period - Brent Burns is hit by Damon Severson and loses puck.
4:23 of 1st period - Snap shot by Leo Carlsson.
4:23 of 1st period - Shot Blocked by Brady Skjei.
4:25 of 1st period - Snap shot by Eeli Tolvanen.
4:25 of 1st period - Shot Misses the Net.
4:27 of 1st period - Slapshot by Christopher Tanev.
4:27 of 1st period - Stopped by Stuart Skinner with a rebound.
4:29 of 1st period - Snap shot by Eeli Tolvanen.
4:29 of 1st period - Stopped by Stuart Skinner with a rebound.
4:31 of 1st period - Backhand shot by Christopher Tanev.
4:31 of 1st period - Stopped by Stuart Skinner without a rebound.
4:32 of 1st period - Barrett Hayton wins face-off versus Macklin Celebrini in Montreal Canadiens zone.
5:07 of 1st period - Slapshot by Leo Carlsson.
5:07 of 1st period - Stopped by Stuart Skinner with a rebound.
5:47 of 1st period - Backhand shot by Zachary Werenski.
5:47 of 1st period - Deflect By Morgan Frost.
5:47 of 1st period - Stopped by Stuart Skinner with a rebound.
5:49 of 1st period - Slapshot by Zachary Werenski.
5:49 of 1st period - Shot Misses the Net.
5:55 of 1st period - Minor Penalty to Jeff Petry for Slashing.
5:56 of 1st period - Barrett Hayton wins face-off versus Teddy Blueger in Montreal Canadiens zone.
5:59 of 1st period - Snap shot by Barrett Hayton.
5:59 of 1st period - Stopped by Stuart Skinner with a rebound.
6:08 of 1st period - Slapshot by Christopher Tanev.
6:08 of 1st period - Shot Blocked by Brady Skjei.
6:10 of 1st period - Snap shot by Brent Burns.
6:10 of 1st period - Stopped by Stuart Skinner with a rebound.
6:12 of 1st period - Snap shot by Christopher Tanev.
6:12 of 1st period - Stopped by Stuart Skinner with a rebound.
6:26 of 1st period - Leo Carlsson is hit by Jake Evans and loses puck.
7:48 of 1st period - Brady Skjei is hit by Trevor Zegras.
7:55 of 1st period - Penalty to Jeff Petry is over, Jeff Petry is back on ice.
8:46 of 1st period - Ryan Suzuki is hit by Brad Marchand and loses puck.
9:41 of 1st period - Christopher Tanev is hit by Teddy Blueger and loses puck.
10:34 of 1st period - Wrist shot by Dylan Larkin.
10:34 of 1st period - Shot Misses the Net.
10:36 of 1st period - Wrist shot by Dylan Larkin.
10:36 of 1st period - Stopped by Adin Hill without a rebound.
10:37 of 1st period - Dylan Larkin wins face-off versus Matthew Beniers in Chicago Black Hawks zone.
11:11 of 1st period - Brad Marchand is hit by Ryan Suzuki and loses puck.
11:26 of 1st period - Damon Severson is hit by Ryan Suzuki and loses puck.
11:44 of 1st period - Snap shot by Drew O'Connor.
11:44 of 1st period - Stopped by Adin Hill without a rebound.
11:45 of 1st period - Dylan Larkin wins face-off versus Barrett Hayton in Chicago Black Hawks zone.
11:55 of 1st period - Minor Penalty to Zachary Werenski for Roughing.
11:56 of 1st period - Oliver Bjorkstrand wins face-off versus Macklin Celebrini in Chicago Black Hawks zone.
13:02 of 1st period - Christopher Tanev is hit by Damon Severson and loses puck.
13:55 of 1st period - Penalty to Zachary Werenski is over, Zachary Werenski is back on ice.
14:05 of 1st period - Slapshot by Morgan Frost.
14:05 of 1st period - Shot Blocked by Adam Fox.
14:07 of 1st period - Wrist shot by Zachary Werenski.
14:07 of 1st period - Stopped by Stuart Skinner without a rebound.
14:08 of 1st period - Morgan Frost wins face-off versus Teddy Blueger in Montreal Canadiens zone.
14:14 of 1st period - Icing by Evgeni Dadonov.
14:15 of 1st period - Barrett Hayton wins face-off versus Teddy Blueger in Montreal Canadiens zone.
14:44 of 1st period - Snap shot by Teddy Blueger.
14:44 of 1st period - Stopped by Adin Hill without a rebound.
14:45 of 1st period - Leo Carlsson wins face-off versus Dylan Larkin in Chicago Black Hawks zone.
14:52 of 1st period - Wrist shot by Martin Necas.
14:52 of 1st period - Stopped by Adin Hill without a rebound.
14:53 of 1st period - Dylan Larkin wins face-off versus Leo Carlsson in Chicago Black Hawks zone.
15:20 of 1st period - Snap shot by Martin Necas.
15:20 of 1st period - Shot Misses the Net.
15:22 of 1st period - Slapshot by Brady Skjei.
15:22 of 1st period - Deflect By Martin Necas.
15:22 of 1st period - Shot Misses the Net.
15:22 of 1st period - Puck is out of play.
15:23 of 1st period - Barrett Hayton wins face-off versus Ryan Poehling in Chicago Black Hawks zone.
15:23 of 1st period - Barrett Hayton is hit by Ryan Poehling.
16:19 of 1st period - Leo Carlsson is hit by Martin Necas and loses puck.
16:53 of 1st period - Snap shot by Morgan Frost.
16:53 of 1st period - Shot Blocked by Jeff Petry.
17:13 of 1st period - Noah Dobson is hit by Damon Severson and loses puck.
17:24 of 1st period - Snap shot by Dylan Larkin.
17:24 of 1st period - Stopped by Adin Hill with a rebound.
17:26 of 1st period - Slapshot by Damon Severson.
17:26 of 1st period - Deflect By Dylan Larkin.
17:26 of 1st period - Goal by Dylan Larkin - Chicago Black Hawks : 1 - Montreal Canadiens : 1.
17:27 of 1st period - Macklin Celebrini wins face-off versus Leo Carlsson in neutral zone.
17:38 of 1st period - Brent Burns is hit by Juraj Slafkovsky and loses puck.
17:53 of 1st period - Oliver Bjorkstrand is hit by Jake Evans and loses puck.
18:08 of 1st period - Slapshot by Zachary Werenski.
18:08 of 1st period - Stopped by Stuart Skinner without a rebound.
18:09 of 1st period - Ryan Poehling wins face-off versus Barrett Hayton in Montreal Canadiens zone.
18:16 of 1st period - Wrist shot by Patrik Laine.
18:16 of 1st period - Stopped by Adin Hill with a rebound.
18:57 of 1st period - Snap shot by Martin Necas.
18:57 of 1st period - Shot Blocked by Christopher Tanev.
18:59 of 1st period - Wrist shot by Dylan Larkin.
18:59 of 1st period - Stopped by Adin Hill with a rebound.
19:01 of 1st period - Wrist shot by Dylan Larkin.
19:01 of 1st period - Shot Misses the Net.
19:03 of 1st period - Slapshot by Jake Evans.
19:03 of 1st period - Goal by Jake Evans - Chicago Black Hawks : 1 - Montreal Canadiens : 2.
19:04 of 1st period - Barrett Hayton wins face-off versus Ryan Poehling in neutral zone.
19:20 of 1st period - Icing by Patrik Laine.
19:21 of 1st period - Ryan Poehling wins face-off versus Leo Carlsson in Montreal Canadiens zone.
19:37 of 1st period - Leo Carlsson is hit by Damon Severson and loses puck.
19:58 of 1st period - Wrist shot by Ryan Poehling.
19:58 of 1st period - Shot Misses the Net.
Goals for this period are 1 for Chicago Black Hawks vs 2 for Montreal Canadiens.
Shots for this period are 14 for Chicago Black Hawks vs 10 for Montreal Canadiens.
2nd period
0:01 of 2nd period - Leo Carlsson wins face-off versus Macklin Celebrini in neutral zone.
0:06 of 2nd period - Snap shot by Oliver Bjorkstrand.
0:06 of 2nd period - Shot Misses the Net.
0:26 of 2nd period - Zachary Werenski is hit by Ilya Lyubushkin and loses puck.
0:37 of 2nd period - Slapshot by Matthew Beniers.
0:37 of 2nd period - Stopped by Stuart Skinner with a rebound.
0:49 of 2nd period - Wrist shot by Patrik Laine.
0:49 of 2nd period - Stopped by Adin Hill without a rebound.
0:50 of 2nd period - Barrett Hayton wins face-off versus Patrik Laine in Chicago Black Hawks zone.
1:05 of 2nd period - Wrist shot by Lucas Raymond.
1:05 of 2nd period - Stopped by Stuart Skinner with a rebound.
1:07 of 2nd period - Wrist shot by Lucas Raymond.
1:07 of 2nd period - Shot Misses the Net.
1:09 of 2nd period - Snap shot by Barrett Hayton.
1:09 of 2nd period - Stopped by Stuart Skinner with a rebound.
1:11 of 2nd period - Slapshot by Lucas Raymond.
1:11 of 2nd period - Goal by Lucas Raymond - Chicago Black Hawks : 2 - Montreal Canadiens : 2.
1:12 of 2nd period - Macklin Celebrini wins face-off versus Eeli Tolvanen in neutral zone.
1:39 of 2nd period - Bobby Brink is hit by Dylan Larkin and loses puck.
2:00 of 2nd period - Wrist shot by Patrik Laine.
2:00 of 2nd period - Shot Misses the Net.
2:26 of 2nd period - Snap shot by Brett Howden.
2:26 of 2nd period - Stopped by Stuart Skinner without a rebound.
2:27 of 2nd period - Macklin Celebrini wins face-off versus Leo Carlsson in Montreal Canadiens zone.
2:44 of 2nd period - Wrist shot by Brad Marchand.
2:44 of 2nd period - Shot Misses the Net.
2:58 of 2nd period - Wrist shot by Shane Wright.
2:58 of 2nd period - Stopped by Stuart Skinner without a rebound.
2:59 of 2nd period - Matthew Beniers wins face-off versus Dylan Larkin in Montreal Canadiens zone.
3:08 of 2nd period - Icing by Jake Evans.
3:09 of 2nd period - Dylan Larkin wins face-off versus Barrett Hayton in Montreal Canadiens zone.
3:46 of 2nd period - Wrist shot by Dylan Larkin.
3:46 of 2nd period - Stopped by Adin Hill with a rebound.
3:48 of 2nd period - Slapshot by Adam Fox.
3:48 of 2nd period - Stopped by Adin Hill without a rebound.
3:49 of 2nd period - Macklin Celebrini wins face-off versus Leo Carlsson in Chicago Black Hawks zone.
3:56 of 2nd period - Wrist shot by Macklin Celebrini.
3:56 of 2nd period - Stopped by Adin Hill without a rebound.
3:57 of 2nd period - Leo Carlsson wins face-off versus Macklin Celebrini in Chicago Black Hawks zone.
4:53 of 2nd period - Wrist shot by Dylan Larkin.
4:53 of 2nd period - Shot Blocked by Jonas Brodin.
5:10 of 2nd period - Backhand shot by Brett Howden.
5:10 of 2nd period - Shot Misses the Net.
5:12 of 2nd period - Wrist shot by Noah Dobson.
5:12 of 2nd period - Stopped by Stuart Skinner with a rebound.
5:14 of 2nd period - Slapshot by Noah Dobson.
5:14 of 2nd period - Shot Blocked by Lane Hutson.
5:16 of 2nd period - Slapshot by Brett Howden.
5:16 of 2nd period - Shot Misses the Net.
5:53 of 2nd period - Wrist shot by Matthew Beniers.
5:53 of 2nd period - Shot Misses the Net.
5:55 of 2nd period - Slapshot by Shane Wright.
5:55 of 2nd period - Shot Blocked by Drew O'Connor.
6:34 of 2nd period - Snap shot by Teddy Blueger.
6:34 of 2nd period - Shot Misses the Net.
7:43 of 2nd period - Slapshot by Drew O'Connor.
7:43 of 2nd period - Shot Misses the Net.
7:45 of 2nd period - Backhand shot by Martin Necas.
7:45 of 2nd period - Stopped by Adin Hill with a rebound.
8:52 of 2nd period - Slapshot by Matthew Beniers.
8:52 of 2nd period - Shot Blocked by Brady Skjei.
8:54 of 2nd period - Slapshot by Zachary Werenski.
8:54 of 2nd period - Deflect By Matthew Beniers.
8:54 of 2nd period - Shot Misses the Net.
8:54 of 2nd period - Puck is out of play.
8:55 of 2nd period - Matthew Beniers wins face-off versus Ryan Poehling in Montreal Canadiens zone.
9:06 of 2nd period - Snap shot by Shane Wright.
9:06 of 2nd period - Shot Misses the Net.
9:12 of 2nd period - Bobby Brink is hit by Drew O'Connor and loses puck.
9:17 of 2nd period - Wrist shot by Patrik Laine.
9:17 of 2nd period - Deflect By Bobby Brink.
9:17 of 2nd period - Shot Misses the Net.
9:17 of 2nd period - Puck is out of play.
9:18 of 2nd period - Leo Carlsson wins face-off versus Macklin Celebrini in Chicago Black Hawks zone.
10:05 of 2nd period - Adam Fox is hit by Matthew Beniers and loses puck.
10:54 of 2nd period - Slapshot by Oliver Bjorkstrand.
10:54 of 2nd period - Stopped by Stuart Skinner with a rebound.
10:56 of 2nd period - Snap shot by Eeli Tolvanen.
10:56 of 2nd period - Shot Misses the Net.
11:05 of 2nd period - Minor Penalty to Barrett Hayton for Holding.
11:06 of 2nd period - Dylan Larkin wins face-off versus Oliver Bjorkstrand in Chicago Black Hawks zone.
11:10 of 2nd period - Wrist shot by Juraj Slafkovsky.
11:10 of 2nd period - Stopped by Adin Hill with a rebound.
11:32 of 2nd period - Macklin Celebrini is hit by Matthew Beniers and loses puck.
11:45 of 2nd period - Wrist shot by Macklin Celebrini.
11:45 of 2nd period - Stopped by Adin Hill with a rebound.
13:01 of 2nd period - Justin Faulk is hit by Brad Marchand and loses puck.
13:05 of 2nd period - Penalty to Barrett Hayton is over, Barrett Hayton is back on ice.
13:12 of 2nd period - Lucas Raymond is hit by Teddy Blueger and loses puck.
13:41 of 2nd period - Teddy Blueger is hit by Lucas Raymond and loses puck.
14:32 of 2nd period - Snap shot by Lucas Raymond.
14:32 of 2nd period - Shot Misses the Net.
15:03 of 2nd period - Trevor Zegras is hit by Teddy Blueger and loses puck.
15:12 of 2nd period - Jeff Petry is hit by Lucas Raymond and loses puck.
15:29 of 2nd period - Wrist shot by Lucas Raymond.
15:29 of 2nd period - Shot Misses the Net.
15:31 of 2nd period - Snap shot by Barrett Hayton.
15:31 of 2nd period - Stopped by Stuart Skinner with a rebound.
15:33 of 2nd period - Slapshot by Justin Faulk.
15:33 of 2nd period - Stopped by Stuart Skinner without a rebound.
15:34 of 2nd period - Macklin Celebrini wins face-off versus Leo Carlsson in Montreal Canadiens zone.
16:05 of 2nd period - Snap shot by Ryan Suzuki.
16:05 of 2nd period - Shot Misses the Net.
16:49 of 2nd period - Slapshot by Martin Necas.
16:49 of 2nd period - Goal by Martin Necas - Chicago Black Hawks : 2 - Montreal Canadiens : 3.
16:50 of 2nd period - Leo Carlsson wins face-off versus Dylan Larkin in neutral zone.
16:57 of 2nd period - Slapshot by Leo Carlsson.
16:57 of 2nd period - Shot Misses the Net.
18:01 of 2nd period - Snap shot by Leo Carlsson.
18:01 of 2nd period - Stopped by Stuart Skinner with a rebound.
18:11 of 2nd period - Wrist shot by Leo Carlsson.
18:11 of 2nd period - Deflect By Martin Necas.
18:11 of 2nd period - Shot Misses the Net.
18:11 of 2nd period - Puck is out of play.
18:12 of 2nd period - Matthew Beniers wins face-off versus Macklin Celebrini in Montreal Canadiens zone.
18:39 of 2nd period - Brady Skjei is hit by Christopher Tanev and loses puck.
Goals for this period are 1 for Chicago Black Hawks vs 1 for Montreal Canadiens.
Shots for this period are 11 for Chicago Black Hawks vs 8 for Montreal Canadiens.
3rd period
0:01 of 3rd period - Macklin Celebrini wins face-off versus Leo Carlsson in neutral zone.
0:03 of 3rd period - Lane Hutson is hit by Jonas Brodin.
0:48 of 3rd period - Barrett Hayton is hit by Patrik Laine and loses puck.
0:58 of 3rd period - Double Minor Penalty to Barrett Hayton for Slashing.
0:59 of 3rd period - Dylan Larkin wins face-off versus Oliver Bjorkstrand in Chicago Black Hawks zone.
0:59 of 3rd period - Snap shot by Juraj Slafkovsky.
0:59 of 3rd period - Shot Blocked by Leo Carlsson.
1:01 of 3rd period - Wrist shot by Patrik Laine.
1:01 of 3rd period - Shot Misses the Net.
1:03 of 3rd period - Slapshot by Dylan Larkin.
1:03 of 3rd period - Deflect By Patrik Laine.
1:03 of 3rd period - Stopped by Adin Hill without a rebound.
1:04 of 3rd period - Oliver Bjorkstrand wins face-off versus Dylan Larkin in Chicago Black Hawks zone.
1:11 of 3rd period - Juraj Slafkovsky is hit by Leo Carlsson.
1:19 of 3rd period - Snap shot by Dylan Larkin.
1:19 of 3rd period - Shot Blocked by Brent Burns.
1:34 of 3rd period - Off-side.
1:35 of 3rd period - Brett Howden wins face-off versus Macklin Celebrini in neutral zone.
1:38 of 3rd period - Slapshot by Zachary Werenski.
1:38 of 3rd period - Shot Misses the Net.
3:31 of 3rd period - Dylan Larkin is hit by Brent Burns and loses puck.
4:58 of 3rd period - Penalty to Barrett Hayton is over, Barrett Hayton is back on ice.
5:31 of 3rd period - Arttu Hyry is hit by Oliver Bjorkstrand and loses puck.
6:01 of 3rd period - Drew O'Connor is hit by Eeli Tolvanen and loses puck.
6:42 of 3rd period - Brad Marchand is hit by Christopher Tanev and loses puck.
7:40 of 3rd period - Brad Marchand is hit by Bobby Brink and loses puck.
8:10 of 3rd period - Slapshot by Lucas Raymond.
8:10 of 3rd period - Stopped by Stuart Skinner with a rebound.
8:12 of 3rd period - Snap shot by Lucas Raymond.
8:12 of 3rd period - Shot Blocked by Dylan Larkin.
8:49 of 3rd period - Zachary Werenski is hit by Teddy Blueger and loses puck.
9:13 of 3rd period - Evgeni Dadonov is hit by Trevor Zegras and loses puck.
9:35 of 3rd period - Macklin Celebrini is hit by Justin Faulk.
10:25 of 3rd period - Arttu Hyry is hit by Brett Howden.
10:35 of 3rd period - Ryan Suzuki is hit by Brad Marchand.
10:41 of 3rd period - Ilya Lyubushkin is hit by Christopher Tanev and loses puck.
11:39 of 3rd period - Christopher Tanev is hit by Teddy Blueger and loses puck.
11:50 of 3rd period - Arttu Hyry is hit by Eeli Tolvanen and loses puck.
12:03 of 3rd period - Matthew Beniers is hit by Patrik Laine and loses puck.
12:20 of 3rd period - Matthew Beniers is hit by Jeff Petry.
12:21 of 3rd period - Icing by Matthew Beniers.
12:22 of 3rd period - Dylan Larkin wins face-off versus Matthew Beniers in Chicago Black Hawks zone.
12:33 of 3rd period - Snap shot by Dylan Larkin.
12:33 of 3rd period - Shot Misses the Net.
12:35 of 3rd period - Slapshot by Adam Fox.
12:35 of 3rd period - Stopped by Adin Hill without a rebound.
12:36 of 3rd period - Macklin Celebrini wins face-off versus Leo Carlsson in Chicago Black Hawks zone.
13:03 of 3rd period - Lucas Raymond is hit by Dylan Larkin and loses puck.
13:10 of 3rd period - Snap shot by Martin Necas.
13:10 of 3rd period - Stopped by Adin Hill with a rebound.
13:28 of 3rd period - Snap shot by Zachary Werenski.
13:28 of 3rd period - Shot Blocked by Brady Skjei.
14:00 of 3rd period - Wrist shot by Evgeni Dadonov.
14:00 of 3rd period - Shot Misses the Net.
14:16 of 3rd period - Snap shot by Oliver Bjorkstrand.
14:16 of 3rd period - Stopped by Stuart Skinner with a rebound.
14:18 of 3rd period - Slapshot by Zachary Werenski.
14:18 of 3rd period - Shot Misses the Net.
14:20 of 3rd period - Snap shot by Eeli Tolvanen.
14:20 of 3rd period - Shot Misses the Net.
14:22 of 3rd period - Wrist shot by Leo Carlsson.
14:22 of 3rd period - Stopped by Stuart Skinner without a rebound.
14:23 of 3rd period - Barrett Hayton wins face-off versus Dylan Larkin in Montreal Canadiens zone.
14:36 of 3rd period - Slapshot by Barrett Hayton.
14:36 of 3rd period - Shot Blocked by Martin Necas.
14:48 of 3rd period - Adam Fox is hit by Brent Burns and loses puck.
14:55 of 3rd period - Snap shot by Leo Carlsson.
14:55 of 3rd period - Stopped by Stuart Skinner with a rebound.
14:57 of 3rd period - Snap shot by Christopher Tanev.
14:57 of 3rd period - Deflect By Juraj Slafkovsky.
14:57 of 3rd period - Stopped by Stuart Skinner with a rebound.
15:21 of 3rd period - Snap shot by Drew O'Connor.
15:21 of 3rd period - Shot Misses the Net.
15:41 of 3rd period - Wrist shot by Dylan Larkin.
15:41 of 3rd period - Deflect By Shane Wright.
15:41 of 3rd period - Shot Misses the Net.
15:41 of 3rd period - Puck is out of play.
15:42 of 3rd period - Matthew Beniers wins face-off versus Macklin Celebrini in Chicago Black Hawks zone.
15:44 of 3rd period - Icing by Justin Faulk.
15:45 of 3rd period - Matthew Beniers wins face-off versus Macklin Celebrini in Chicago Black Hawks zone.
15:50 of 3rd period - Snap shot by Brad Marchand.
15:50 of 3rd period - Stopped by Adin Hill with a rebound.
16:04 of 3rd period - Lane Hutson is hit by Matthew Beniers and loses puck.
16:22 of 3rd period - Minor Penalty to Justin Faulk for Cross-checking.
16:23 of 3rd period - Oliver Bjorkstrand wins face-off versus Dylan Larkin in Chicago Black Hawks zone.
16:23 of 3rd period - Oliver Bjorkstrand is hit by Damon Severson.
16:49 of 3rd period - Snap shot by Brad Marchand.
16:49 of 3rd period - Shot Blocked by Matthew Beniers.
16:51 of 3rd period - Snap shot by Martin Necas.
16:51 of 3rd period - Goal by Martin Necas - Chicago Black Hawks : 2 - Montreal Canadiens : 4.
16:52 of 3rd period - Matthew Beniers wins face-off versus Ryan Poehling in neutral zone.
16:59 of 3rd period - Wrist shot by Bobby Brink.
16:59 of 3rd period - Shot Misses the Net.
17:01 of 3rd period - Snap shot by Matthew Beniers.
17:01 of 3rd period - Shot Misses the Net.
17:06 of 3rd period - Snap shot by Bobby Brink.
17:06 of 3rd period - Shot Misses the Net.
17:08 of 3rd period - Snap shot by Shane Wright.
17:08 of 3rd period - Shot Misses the Net.
17:18 of 3rd period - Drew O'Connor is hit by Leo Carlsson and loses puck.
17:29 of 3rd period - Wrist shot by Leo Carlsson.
17:29 of 3rd period - Shot Misses the Net.
17:31 of 3rd period - Snap shot by Leo Carlsson.
17:31 of 3rd period - Stopped by Stuart Skinner without a rebound.
17:32 of 3rd period - Dylan Larkin wins face-off versus Matthew Beniers in Montreal Canadiens zone.
18:25 of 3rd period - Lane Hutson is hit by Oliver Bjorkstrand.
18:56 of 3rd period - Wrist shot by Ryan Poehling.
18:56 of 3rd period - Shot Misses the Net.
18:58 of 3rd period - Slapshot by Jeff Petry.
18:58 of 3rd period - Shot Misses the Net.
19:00 of 3rd period - Snap shot by Drew O'Connor.
19:00 of 3rd period - Shot Misses the Net.
19:02 of 3rd period - Snap shot by Drew O'Connor.
19:02 of 3rd period - Shot Misses the Net.
19:04 of 3rd period - Snap shot by Drew O'Connor.
19:04 of 3rd period - Shot Misses the Net.
19:06 of 3rd period - Snap shot by Ryan Poehling.
19:06 of 3rd period - Stopped by Adin Hill without a rebound.
19:07 of 3rd period - Bobby Brink wins face-off versus Dylan Larkin in Chicago Black Hawks zone.
19:39 of 3rd period - Brett Howden is hit by Drew O'Connor and loses puck.
Goals for this period are 0 for Chicago Black Hawks vs 1 for Montreal Canadiens.
Shots for this period are 6 for Chicago Black Hawks vs 6 for Montreal Canadiens.
Back to the Top